Map: Ruby Rock LE

Players

ics

  • Race: Protoss Protoss
  • League: Diamond
  • Spawn Location: 11:00

HoldTheDoor - Winner!

  • Race: Protoss Protoss
  • League: Diamond
  • Spawn Location: 5:00

VOD

Have the link to the VOD?

Description

Time

  • Played on: May 7, 2026, 12:44 p.m.
  • Length: 8:03
Show
View Real Time Build Order
Export as new Build Order

ics Protoss 

Build Orders:  

Get SALT Encoding   

  12  0:00  Probe  
  13  0:16  Probe  
  13  0:17  Pylon  
  14  0:29  Probe  
  15  0:38  Assimilator  
  15  0:43  Gateway  
  15  0:45  Probe  
  16  0:53  Probe  
  16  1:02  Probe  
  17  1:10  Probe  
  19  1:18  Probe  
  19  1:20  Pylon  
  20  1:29  Probe  
  21  1:38  Pylon  
  21  1:42  Probe  
  21  1:46  Cybernetics Core  
  22  2:00  Probe  
  23  2:07  Nexus  
  23  2:12  Probe  
  24  2:20  Stalker  
  24  2:26  Probe, Pylon  
  27  2:37  Warp Gate  
  27  2:41  Gateway  
  27  2:47  Pylon  
  27  2:52  Sentry  
  29  2:59  Shield Battery  
  29  3:07  Probe  
  30  3:16  Assimilator  
  31  3:20  Probe  
  31  3:22  Stalker  
  31  3:25  Stalker  
  33  3:30  Probe  
  33  3:32  Probe  
  37  3:42  Probe  
  38  3:55  Probe x2  
  40  3:58  Robotics Facility  
  40  4:04  Pylon  
  40  4:06  Gateway  
  40  4:09  Probe x2  
  42  4:26  Stalker x2  
  42  4:31  Gateway  
  46  4:37  Twilight Council  
  42  4:49  Zealot x2  
Show
View Real Time Build Order
Export as new Build Order

HoldTheDoor Protoss - Winner!

Build Orders:  

Get SALT Encoding   

  12  0:00  Probe  
  13  0:12  Probe  
  14  0:17  Pylon  
  14  0:24  Probe  
  15  0:32  Probe  
  15  0:39  Gateway  
  15  0:40  Probe  
  16  0:49  Assimilator  
  17  0:51  Probe  
  18  0:57  Assimilator  
  18  1:03  Assimilator  
  18  1:06  Probe  
  19  1:16  Gateway  
  19  1:29  Probe  
  20  1:37  Cybernetics Core  
  20  1:38  Pylon  
  20  1:51  Probe  
  20  1:52  Pylon  
  21  2:03  Probe  
  22  2:12  Warp Gate  
  22  2:14  Stalker  
  22  2:15  Stalker, Probe  
  27  2:31  Gateway  
  27  2:35  Probe  
  28  2:43  Robotics Facility  
  28  2:51  Probe  
  29  2:58  Shield Battery  
  29  3:03  Probe  
  30  3:05  Pylon  
  30  3:15  Probe  
  31  3:20  Immortal  
  35  3:40  Pylon  
  35  3:44  Pylon  
  35  3:56  Pylon  
  35  4:00  Sentry  
  35  4:01  Immortal  
  39  4:05  Stalker  
  39  4:13  Stalker  
  45  4:24  Shield Battery  
  45  4:25  Sentry  
  45  4:29  Stalker  
  43  4:59  Stalker x3  
Tags
 
Matchup
PvP
Replay Pack
SC2Mai2026
Spawn Locations
Cross Positions
Add a new tag
Caveats
  • Supply blocks, unpowered buildings, or Contaminate may cause inaccurate times.
  • Supply counts are checked every 10 seconds.